 Dungeon Crawl Stone Soup version 0.30.1-11-g7821555f0a (webtiles) character file.

Game seed: 13271284428148126504

3681 Martska the Fighter (level 9, -1/83 HPs)
             Began as a Minotaur Fighter on Dec 3, 2023.
             Was an Elder of Okawaru.
             Slain by an acid dragon (13 damage)
             ... on level 8 of the Dungeon.
             The game lasted 00:11:45 (6309 turns).

Martska the Fighter (Minotaur Fighter)              Turns: 6309, Time: 00:11:46

Health: -1/83      AC:  2    Str: 25    XL:     9   Next: 90%
Magic:  12/12      EV: 11    Int: 11    God:    Okawaru [****..]
Gold:   546        SH:  8    Dex: 10    Spells: 12/14 levels left

rFire   . . .        l - +0 hand axe (elec)
rCold   . . .        G - +0 kite shield
rNeg    . . .        b - +0 scale mail
rPois   .            (helmet restricted)
rElec   .            (no cloak)
rCorr   .            j - +2 pair of gloves
SInv    +            (no boots)
Will    .....        z - amulet of regeneration Stlth
                     k - +6 ring of intelligence
HPRegen 1.13/turn    n - ring of see invisible
MPRegen 0.13/turn

%: no passive effects
@: about to teleport, corroded
A: horns 2, retaliatory headbutt
a: Renounce Religion, Heroism, Finesse


You were on level 8 of the Dungeon.
You worshipped Okawaru.
Okawaru was greatly pleased with you.
You visited 1 branch of the dungeon, and saw 8 of its levels.

You collected 546 gold pieces.

Inventory:

Hand Weapons
 a - a +0 war axe
 d - a +2 whip of freezing
 l - a +0 hand axe of electrocution (weapon)
 p - a +6 war axe of pain
Armour
 b - a +0 scale mail (worn)
 c - a +0 buckler
 j - a +2 pair of gloves (worn)
 G - a +0 kite shield (worn)
Jewellery
 i - a ring of protection from fire
 k - a +6 ring of intelligence (left hand)
 n - a ring of see invisible (right hand)
 o - an amulet of reflection
 z - an amulet of regeneration (around neck)
 E - an amulet of reflection
Wands
 w - a wand of digging (5)
 y - a wand of light (9)
 B - a wand of roots (12)
 F - a wand of flame (10)
Scrolls
 f - a scroll of fog
 g - 3 scrolls of magic mapping
 h - a scroll of fear {unknown}
 m - 2 scrolls of immolation
 r - 2 scrolls of enchant weapon {unknown}
 t - a scroll of vulnerability {unknown}
 A - a scroll of teleportation
 C - a scroll of enchant armour {unknown}
 D - a scroll of torment {unknown}
 H - a scroll of poison {unknown}
 I - 2 scrolls of brand weapon {unknown}
 J - a scroll of blinking {unknown}
 K - a scroll of noise {unknown}
 L - a scroll of amnesia {unknown}
Potions
 e - 2 potions of lignification
 q - a potion of brilliance
 s - a potion of heal wounds {unknown}
 u - 3 potions of flight
 v - a potion of magic {unknown}
 x - a potion of curing {unknown}


   Skills:
 * Level 9.0 Fighting
 * Level 8.6 Axes
 * Level 5.5 Armour
 * Level 7.4 Dodging
 - Level 3.6 Shields
 - Level 3.3 Spellcasting
 * Level 2.4 Translocations
 * Level 2.6 Invocations


You had 12 spell levels left.
You knew the following spells:

 Your Spells              Type           Power      Damage    Failure   Level
a - Blink                 Tloc           14%        N/A       54%         2

Your spell library contained the following spells:

 Spells                   Type           Power      Damage    Failure   Level
 Magic Dart               Conj           4%         1d3       77%         1
 Necrotise                Necr           4%         1d4       77%         1
 Scorch                   Fire           2%         2d5       88%         2
 Portal Projectile        Hex/Tloc       8%         N/A       91%         3
 Vhi's Electric Charge    Tloc/Air       8%         N/A       91%         3
 Mephitic Cloud           Conj/Pois/Air  1%         N/A       98%         3
 Vampiric Draining        Necr           1%         2d6       98%         3
 Manifold Assault         Tloc           7%         N/A       99%         4
 Flame Wave               Conj/Fire      1%         2d4       100%        4
 Leda's Liquefaction      Hex/Erth       0%         N/A       100%        4
 Arcjolt                  Conj/Air       0%         1d10      100%        5
 Borgnjor's Vile Clutch   Necr/Erth      0%         N/A       100%        5
 Storm Form               Tmut/Air       0%         N/A       100%        7
 Maxwell's Capacitive Co  Air            0%         ∞         100%        8
 Call Imp                 Summ           Unusable   N/A       N/A         2
 Call Canine Familiar     Summ           Unusable   N/A       N/A         3
 Summon Cactus Giant      Summ           Unusable   N/A       N/A         6
 Infestation              Necr           Unusable   N/A       N/A         8

Dungeon Overview and Level Annotations

Branches:
Dungeon (8/15)             Temple (0/1) D:5            Lair (0/5) D:8

Altars:
Ashenzari
Fedhas
Hepliaklqana
Nemelex Xobeh
Okawaru
Sif Muna
Uskayaw


Innate Abilities, Weirdness & Mutations

You have a pair of horns on your head.
You reflexively headbutt those who attack you in melee.


Message History

Okawaru accepts your kill. The acid dragon barely misses you. x2
Items here: ))) [ ††.
Press: ? - help, v - describe, . - travel
Here: an acid dragon (catching its breath)
The floor.
You closely miss the acid dragon. The acid dragon bites you.
The acid dragon claws you but does no damage.
You hit the acid dragon but do no damage.
Your headbutt misses the acid dragon. The acid dragon spits acid at you.
The splash of acid hits you!!
You hit the acid dragon but do no damage.
The acid dragon closely misses you. You furiously retaliate!
You headbutt the acid dragon! The acid dragon barely misses you.
You hit the acid dragon but do no damage.
Your headbutt misses the acid dragon.
The acid dragon is heavily wounded.
The acid dragon bites you. The acid dragon closely misses you.
You closely miss the acid dragon.
The acid dragon is heavily wounded.
The acid dragon spits acid at you. The splash of acid hits you!!
The acid corrodes you!
You hit the acid dragon but do no damage.
The acid dragon is heavily wounded.
The acid dragon spits acid at you. The splash of acid hits you!!
* * * LOW HITPOINT WARNING * * *
The acid corrodes you!
Casting: Blink (dangerous; 54% risk of failure)
Confirm with . or Enter, or press ? or * to list all spells.
Okay, then.
As you read the scroll of teleportation, it crumbles to dust.
You feel strangely unstable. The acid dragon barely misses you.
The acid dragon closely misses you.
Things that are here:
a +0 dagger; a +0 robe; an orc corpse The acid dragon attacks as you move away!
The acid dragon bites you!
You die...

#### #....
######.....
..........
#.........
#.........
#......... #D#
###### ##### #@#
#....###..P.
#.#####....#......
#.##.......P.P.PPP
##..#.#.......PP.P.
#.....#.......PPP.P
#.#..##...PP...P..P
#.#......P.....PP.P
#.#.#......P.P.PPP>
..#.####..PPP.....P


You could see an acid dragon.

Vanquished Creatures
  Pikel (D:6)
  2 wyverns (D:7)
  Duvessa (D:6)
  2 water moccasins (D:8)
  2 ice beasts
  4 black bears (D:8)
  2 phantoms
  2 lemures (D:6)
  4 ogres
  4 bullfrogs
  6 scorpions
  7 wights
  Dowan (D:6)
  A howler monkey (D:8)
  2 hounds (D:5)
  A gnoll bouda (D:6)
  An orc priest (D:6)
  3 jellies
  3 orc wizards
  2 iguanas
  5 gnolls (D:6)
  6 adders
  4 shadow imps
  A white imp (D:6)
  A worm (D:3)
  5 dart slugs
  13 orcs
  13 endoplasms
  4 giant cockroaches
  7 goblins
  4 jackals (D:5)
  2 quokkas
  5 ball pythons
  6 bats
  9 kobolds
  3 rats
139 creatures vanquished.

Notes
Turn   | Place    | Note
-------+----------+-------------------------------------------
     0 | D:1      | Martska the Minotaur Fighter began the quest for the Orb.
     0 | D:1      | Reached XP level 1. HP: 19/19 MP: 0/0
   117 | D:1      | Reached XP level 2. HP: 27/27 MP: 1/1
   130 | D:1      | Reached skill level 1 in Dodging
   168 | D:1      | Reached skill level 4 in Fighting
   471 | D:1      | Reached XP level 3. HP: 33/33 MP: 2/2
  1481 | D:2      | Reached XP level 4. HP: 40/41 MP: 3/3
  1863 | D:3      | Found an iron altar of Okawaru.
  2161 | D:3      | Became a worshipper of Warmaster Okawaru
  2804 | D:4      | Got the Precepts of Spectral Tephra
  2907 | D:4      | Noticed a scorpion
  2914 | D:4      | Killed a scorpion
  2915 | D:4      | Reached XP level 5. HP: 47/47 MP: 4/4
  3578 | D:5      | Entered Level 5 of the Dungeon
  3613 | D:5      | Found a sparkling altar of Nemelex Xobeh.
  3667 | D:5      | Reached skill level 5 in Fighting
  3754 | D:5      | Reached XP level 6. HP: 56/56 MP: 6/6
  3781 | D:5      | Reached skill level 1 in Spellcasting
  3826 | D:5      | Reached * piety under Okawaru
  3852 | D:5      | Noticed an ice beast
  3856 | D:5      | Killed an ice beast
  3857 | D:5      | Reached skill level 5 in Axes
  3857 | D:5      | Reached XP level 7. HP: 61/62 MP: 6/8
  3886 | D:5      | Found a hazy altar of Hepliaklqana.
  3921 | D:5      | Found a shimmering blue altar of Sif Muna.
  3962 | D:5      | Reached skill level 6 in Fighting
  4317 | D:5      | Found a staircase to the Ecumenical Temple.
  4567 | D:6      | Found a broken altar of Ashenzari.
  4570 | D:6      | Noticed Dowan
  4571 | D:6      | Noticed Duvessa
  4589 | D:6      | Killed Duvessa
  4589 | D:6      | Reached ** piety under Okawaru
  4590 | D:6      | Reached skill level 5 in Dodging
  4590 | D:6      | Reached XP level 8. HP: 71/71 MP: 10/10
  4592 | D:6      | Killed Dowan
  4607 | D:6      | Found a blossoming altar of Fedhas.
  4635 | D:6      | Learned a level 2 spell: Blink
  4663 | D:6      | Noticed Pikel
  4677 | D:6      | Killed Pikel
  4677 | D:6      | Reached *** piety under Okawaru
  4678 | D:6      | Reached skill level 7 in Fighting
  4833 | D:5      | Identified 2 scrolls of acquirement
  4834 | D:5      | Acquired an amulet of regeneration
  4848 | D:5      | Acquired a +6 war axe of pain
  4937 | D:6      | Found a hide-covered altar of Uskayaw.
  4939 | D:6      | Noticed a +0 dagger
  4939 | D:6      | Noticed a +0 dagger
  5511 | D:7      | Reached skill level 8 in Fighting
  5511 | D:7      | Reached XP level 9. HP: 73/81 MP: 12/12
  5640 | D:6      | Reached skill level 1 in Translocations
  5908 | D:7      | Reached **** piety under Okawaru
  5909 | D:7      | Reached skill level 1 in Invocations
  6156 | D:8      | Reached skill level 5 in Armour
  6170 | D:8      | Found a staircase to the Lair.
  6207 | D:8      | Reached skill level 9 in Fighting
  6309 | D:8      | Slain by an acid dragon

Illustrated notes

Levels and vault maps discovered:
D:1:      shiori_shiawase, layout_basic
D:2:      layout_basic, patterned_corridor
D:3:      layout_basic, amcnicky_altar_gilded, minmay_box_of_dots
D:4:      layout_loops_corners, bh_walls_and_bars
D:5:      layout_loops_cross, mainiacjoe_overflow_boulevard,
          lemuel_doored_altar, mainiacjoe_overflow_cross_hatched, temple_hall
D:6:      layout_loops_cross, lemuel_tele_altar, dancing_weapons_uskayaw,
          cheibrodos_ashenzari_chains, kennysheep_donut, uniq_duvessa,
          uniq_pikel
D:7:      layout_rooms
D:8:      layout_basic, mainiacjoe_overflow_concentric_impassable,
          lemuel_round_altar, due_lair_maze_entry_diamond

Skill      XL: |  1  2  3  4  5  6  7  8  9 |
---------------+----------------------------+-----
Dodging        | 1 2 3 4 5 6 7 |  7.4
Fighting       | 4 5 6 8 9 |  9.0
Axes           | 3 4 5 6 7 8 |  8.6
Armour         | 4 5 |  5.5
Spellcasting   | 1 2 3 |  3.3
Translocations | 2 |  2.4
Invocations    | 2 |  2.6
Shields        | |  3.6

Action                     |  1- 3 |  4- 6 |  7- 9 || total
---------------------------+-------+-------+-------++-------
  Melee: War axe           |    51 |       |       ||    51
         Headbutt          |     8 |    16 |    36 ||    60
         Hand axe          |    38 |    98 |   196 ||   332
         Punch             |       |       |     1 ||     1
   Cast: Blink             |       |       |     1 ||     1
  Evoke: Wand              |       |       |     3 ||     3
    Use: Scroll            |       |     5 |     6 ||    11
         Potion            |       |     1 |     2 ||     3
 Armour: Scale mail        |    39 |    40 |    81 ||   160
  Dodge: Dodged            |    38 |    26 |   101 ||   165
  Block: Buckler           |    19 |    35 |    40 ||    94
         Kite shield       |       |       |    40 ||    40
